[Event "Early-Titled-Tuesday-Blitz-February-06-2024"]
[Site "Chess.com"]
[Date "2024.02.06"]
[Round "1"]
[White "Herzog2012"]
[Black "cthake"]
[Result "1-0"]
[WhiteElo "2533"]
[BlackElo "1792"]
[TimeControl "180+1"]
[EndTime "8:05:27 PST"]
[Termination "Herzog2012 won by resignation"]

1. e4 c5 2. Nf3 Nc6 3. Bb5 d6 4. O-O a6 5. Bxc6+ bxc6 6. d3 e5 7. c3 Bg4 8. h3 Bh5 9. Nbd2 Nf6 10. Re1 Be7 11. Nf1 O-O 12. Ng3 Bg6 13. Nh4 Rb8 14.
b3 a5 15. Ngf5 Bxf5 16. Nxf5 Qd7 17. Bg5 h6 18. Bh4 Rfe8 19. Re3 Kh7 20. Rg3 g6 21.
Nxe7 Qxe7 22. Qf3 g5 23. Qf5+ Kh8 24. Bxg5 hxg5 25. Qxg5 Rg8 26. Qh4+ Nh7 27. Rxg8+ 1-0

[Event "Early-Titled-Tuesday-Blitz-February-06-2024"]
[Site "Chess.com"]
[Date "2024.02.06"]
[Round "1"]
[White "Alexander_Donchenko"]
[Black "Manukyan_Artak"]
[Result "1-0"]
[WhiteElo "2931"]
[BlackElo "2500"]
[TimeControl "180+1"]
[EndTime "8:05:28 PST"]
[Termination "Alexander_Donchenko won by resignation"]

1. c4 g6 2. g3 h5 3. Nf3 d6 4. Nc3 e5 5. d4 Nc6 6. dxe5 Nxe5 7. Nxe5 dxe5 8. Qxd8+ Kxd8 9. Bg2 c6 10. b3 Bg7 11.
Ba3 Nf6 12. O-O-O+ Ke8 13. h3 Be6 14. Bd6 Nd7 15. Ne4 f5 16. Ng5 Bh6 17. h4 Bxg5+ 18. hxg5 Kf7 19. e4 fxe4 20. Bxe4 Bf5 21. Bxf5 gxf5 22.
Bc7 Nc5 23. Bxe5 Rhd8 24. Bd4 Ne6 25. Be3 Rxd1+ 26. Rxd1 Ke7 27. Rh1 1-0

[Event "Early-Titled-Tuesday-Blitz-February-06-2024"]
[Site "Chess.com"]
[Date "2024.02.06"]
[Round "1"]
[White "FREDERICKtheMATE"]
[Black "flomarechot"]
[Result "1-0"]
[WhiteElo "2635"]
[BlackElo "2310"]
[TimeControl "180+1"]
[EndTime "8:05:28 PST"]
[Termination "FREDERICKtheMATE won by resignation"]

1. Nf3 Nf6 2. d4 d6 3. c4 g6 4. Nc3 Bf5 5. Qb3 b6 6. g3 Ne4 7. Bg2 Nxc3 8. Qxc3 Be4 9. d5 Rg8 10. Qe3 f5 11. O-O Nd7 12. Nd4 Bxg2 13. Kxg2 Nc5 14. b4 Ne4 15. f3 Nf6 16. Nc6 Qd7 17. b5 Bg7 18. Bb2 Kf7 19. Nd4 Rge8 20. Ne6 Nxd5 21.
cxd5 Bxb2 22. Qh6 Rg8 23. Rab1 Qxb5 24. Qd2 Bc3 25. Qxc3 Qxd5 26. Nxc7 Rac8 27. Nxd5 1-0

[Event "Early-Titled-Tuesday-Blitz-February-06-2024"]
[Site "Chess.com"]
[Date "2024.02.06"]
[Round "1"]
[White "N_I_Chess"]
[Black "dcremisi"]
[Result "0-1"]
[WhiteElo "2326"]
[BlackElo "2650"]
[TimeControl "180+1"]
[EndTime "8:05:30 PST"]
[Termination "dcremisi won by resignation"]

1. d4 Nf6 2. c4 c5 3. d5 e6 4. Nc3 exd5 5. cxd5 d6 6. e4 g6 7. f4 Bg7 8. Nf3 O-O 9. Be2 a6 10. e5 dxe5 11. fxe5 Nfd7 12. Bg5 Qa5 13. O-O Nxe5 14.
Nxe5 Bxe5 15. d6 Be6 16. Bf3 Nc6 17. Nd5 Bd4+ 18. Kh1 f6 19. Bh6 Rfd8 20. Nc7 Bc4 21.
Nxa8 Bxf1 22. Qxf1 Rxa8 23. Qc4+ Kh8 24. Qf7 Rg8 25.
Bd5 Qd8 26. Re1 Ne5 27. Qxg8+ Qxg8 28. Bxg8 Kxg8 29. Rxe5 Bxe5 30. d7 Bc7 31. Be3 b6 32. Bf4 Bd8 33. Bd6 Kf7 34. Kg1 Ke6 35. Kf2 Kxd6 36.
Kf3 Kxd7 0-1

[Event "Early-Titled-Tuesday-Blitz-February-06-2024"]
[Site "Chess.com"]
[Date "2024.02.06"]
[Round "1"]
[White "guillembaches"]
[Black "KnightmareJoker"]
[Result "1-0"]
[WhiteElo "2561"]
[BlackElo "2127"]
[TimeControl "180+1"]
[EndTime "8:05:30 PST"]
[Termination "guillembaches won by resignation"]

1. d4 d5 2. Nf3 Nf6 3. Bg5 e6 4.
Nbd2 c5 5. e3 Nc6 6. c3 Be7 7. Bd3 h6 8. Bh4 g5 9. Bg3 Bd6 10. Ne5 Bxe5 11. dxe5 Nd7 12. f4 d4 13.
exd4 cxd4 14. Ne4 Qb6 15. Nd6+ Ke7 16. Qh5 Rf8 17. Qxh6 Qxb2 18. O-O Qxc3 19. Qxg5+ f6 20. Qg7+ Kd8 21. Rad1 f5 22. Bh4+ Kc7 23. Nb5+ Kb6 24.
Nxc3 dxc3 25. Bf2+ 1-0

[Event "Early-Titled-Tuesday-Blitz-February-06-2024"]
[Site "Chess.com"]
[Date "2024.02.06"]
[Round "1"]
[White "Qingdom"]
[Black "DishonorOnYourCow"]
[Result "0-1"]
[WhiteElo "2042"]
[BlackElo "2554"]
[TimeControl "180+1"]
[EndTime "8:05:30 PST"]
[Termination "DishonorOnYourCow won by resignation"]

1. d4 Nf6 2. Bg5 Ne4 3. Bf4 d5 4. f3 Nf6 5. e4 dxe4 6. Nc3 e3 7. Bxe3 e6 8. Bc4 Bd6 9. Qd2 O-O 10. O-O-O a6 11.
g4 b5 12. Bd3 Bb7 13. h4 Nbd7 14. Ne4 Nxe4 15. fxe4 Qe7 16. e5 Bb4 17. c3 Bxh1 18. cxb4 Bd5 19. g5 a5 20. bxa5 b4 21. Bb1 Rxa5 22.
Qd3 g6 23. h5 Bxa2 24. hxg6 fxg6 25. Nh3 Bxb1 26. Kxb1 Rfa8 27. Kc2 Nb6 28. Nf4 Nd5 29. Nxg6 Nxe3+ 30. Qxe3 hxg6 31. Rf1 Rf8 32. Rf6 Rxf6 33.
gxf6 Qh7 34. Kb3 Rd5 35. Kxb4 Qd7 36. Kc3 Qa4 37. b3 Qa1+ 38. Kd3 c5 39. Qh6 Rxd4+ 40.
Ke3 Qc1+ 0-1

[Event "Early-Titled-Tuesday-Blitz-February-06-2024"]
[Site "Chess.com"]
[Date "2024.02.06"]
[Round "1"]
[White "LileKoridze"]
[Black "Martial2008"]
[Result "0-1"]
[WhiteElo "2360"]
[BlackElo "2674"]
[TimeControl "180+1"]
[EndTime "8:05:31 PST"]
[Termination "Martial2008 won by resignation"]

1. d4 Nf6 2. c4 e6 3. Nf3 d5 4. g3 Bb4+ 5. Bd2 Be7 6. Bg2 O-O 7. O-O Ne4 8. Nc3 Nxd2 9. Qxd2 c6 10. b3 f5 11. Ne5 Nd7 12. Nxd7 Bxd7 13. f3 Rc8 14. e4 c5 15. exd5 cxd4 16. dxe6 Bxe6 17.
Nb5 Bc5 18. Rad1 Qf6 19. Qa5 a6 20. Na3 b6 21. Qa4 b5 22. cxb5 axb5 23. Qxb5 Bxa3 24.
Rd2 Rc1 25. Qa6 Rxf1+ 26. Bxf1 Bc1 27. Rd1 Be3+ 28. Kh1 Bd5 29. Qe2 f4 30. g4 Qc6 31.
Bg2 Rc8 32. Qd3 Bxf3 0-1

[Event "Early-Titled-Tuesday-Blitz-February-06-2024"]
[Site "Chess.com"]
[Date "2024.02.06"]
[Round "1"]
[White "carloseduar100"]
[Black "SnekkerAndersen"]
[Result "0-1"]
[WhiteElo "2317"]
[BlackElo "2637"]
[TimeControl "180+1"]
[EndTime "8:05:31 PST"]
[Termination "SnekkerAndersen won by resignation"]

1. d4 e6 2. c3 d5 3. Nf3 c5 4. e3 Nf6 5. Bd3 Be7 6. Nbd2 O-O 7. O-O b6 8. Re1 Bb7 9. a3 Nbd7 10. h3 Qc7 11. Qe2 e5 12. e4 dxe4 13. Nxe4 Rfe8 14. dxe5 Nxe5 15. Nxe5 Qxe5 16. Nxf6+ Qxf6 17. Qg4 Bf8 18. Bg5 Qc6 19. Bf1 h6 20. Bf4 Rad8 21. Rad1 Rxe1 22.
Rxe1 g6 23. h4 h5 24. Qg3 Bg7 25. Be5 Re8 26. Re3 Bh6 27. Bf4 Bg7 28. Re7 Rxe7 0-1

[Event "Early-Titled-Tuesday-Blitz-February-06-2024"]
[Site "Chess.com"]
[Date "2024.02.06"]
[Round "1"]
[White "HanSchut"]
[Black "Sadykov_Ramil"]
[Result "0-1"]
[WhiteElo "2254"]
[BlackElo "2603"]
[TimeControl "180+1"]
[EndTime "8:05:31 PST"]
[Termination "Sadykov_Ramil won by resignation"]

1. e4 c5 2. Nf3 e6 3. c4 Nc6 4. Nc3 Nd4 5. d3 Ne7 6. Be3 Nec6 7. Be2 g6 8. Nb5 e5 9. O-O d6 10. Qd2 Bg7 11. Nfxd4 cxd4 12. Bh6 O-O 13. Bxg7 Kxg7 14. f4 a6 15. Na3 f6 16. Rf2 Be6 17.
Raf1 Qe7 18. Nc2 b5 19. b3 bxc4 20. bxc4 Rab8 21. f5 Bg8 22. g4 g5 23. h4 h6 24.
hxg5 hxg5 25. Rh2 Bf7 26. Kg2 Rh8 27. Rfh1 Rxh2+ 28. Rxh2 Rb2 29. Qc1 Qb7 30. Qh1 Rxc2 31. Rh8 Rxe2+ 32. Kf3 Re3+ 33. Kf2 Qb2+ 0-1

[Event "Early-Titled-Tuesday-Blitz-February-06-2024"]
[Site "Chess.com"]
[Date "2024.02.06"]
[Round "1"]
[White "severomorskij"]
[Black "Irishchessman16"]
[Result "1-0"]
[WhiteElo "2894"]
[BlackElo "2491"]
[TimeControl "180+1"]
[EndTime "8:05:32 PST"]
[Termination "severomorskij won by resignation"]

1. d4 Nf6 2. Bg5 c5 3. Nc3 cxd4 4. Qxd4 Nc6 5. Qh4 e6 6. O-O-O Be7 7. e4 h6 8. f4 O-O 9. Nf3 hxg5 10. Nxg5 g6 11. e5 Nh5 12. g4 Nxe5 13. gxh5 Bxg5 14.
fxg5 Nf3 15. Qf2 Nxg5 16. Rg1 f5 17. hxg6 Ne4 18. Nxe4 fxe4 19. Qe3 Qb6 20. Qh6 1-0

[Event "Early-Titled-Tuesday-Blitz-February-06-2024"]
[Site "Chess.com"]
[Date "2024.02.06"]
[Round "1"]
[White "Gravity_Chess"]
[Black "SergioMoralesG"]
[Result "1-0"]
[WhiteElo "2849"]
[BlackElo "2462"]
[TimeControl "180+1"]
[EndTime "8:05:33 PST"]
[Termination "Gravity_Chess won by resignation"]

1. c4 c5 2. Nf3 Nc6 3. d4 cxd4 4.
Nxd4 Nf6 5. g3 g6 6. Nxc6 bxc6 7. Qa4 Bg7 8. Bg2 O-O 9. Nc3 Qc7 10. O-O Rb8 11. b3 h5 12. Bf4 e5 13. Bg5 Re8 14.
Rfd1 Nh7 15. Be3 Nf8 16. Qxa7 Rb7 17. Qa3 Ne6 18. Ne4 Nd4 19. Nd6 Rf8 20. Nxb7 Nc2 21.
Qd6 Qxb7 22. Rac1 Nxe3 23. fxe3 Qa7 24. Kh1 Qxa2 25. Qd3 Qa7 26. b4 f5 27. b5 e4 28.
Qb3 Qc5 29. b6 Ba6 30. Rxd7 Rb8 31. b7 h4 32. gxh4 Be5 33. Rcd1 Qa7 34. c5+ Kh8 35. Qf7 1-0

[Event "Early-Titled-Tuesday-Blitz-February-06-2024"]
[Site "Chess.com"]
[Date "2024.02.06"]
[Round "1"]
[White "Siemba"]
[Black "HansOnTwitch"]
[Result "0-1"]
[WhiteElo "2531"]
[BlackElo "3192"]
[TimeControl "180+1"]
[EndTime "8:05:35 PST"]
[Termination "HansOnTwitch won by resignation"]

1. e4 c6 2. d4 d5 3. Nd2 dxe4 4. Nxe4 Nf6 5. Nxf6+ exf6 6. c3 Bd6 7. Bd3 O-O 8.
Qc2 Re8+ 9. Ne2 h6 10. Bd2 Nd7 11.
O-O-O b5 12. Kb1 Nb6 13. Ng3 Be6 14. Nf5 a5 15. g4 a4 16. h4 Bf8 17. Ne3 Nd5 18.
Ka1 Nxe3 19. Bxe3 Qd5 20. Qb1 Bxg4 21. Rdg1 h5 22. Rh2 a3 23. b3 c5 24. Bxb5 cxd4 25.
Bc4 Qe5 26. Bxd4 Qxh2 27. Rg3 Bd6 28. Re3 Rxe3 29. Bxe3 Be5 0-1

[Event "Early-Titled-Tuesday-Blitz-February-06-2024"]
[Site "Chess.com"]
[Date "2024.02.06"]
[Round "1"]
[White "zsoltkorpics"]
[Black "gmcorrales"]
[Result "0-1"]
[WhiteElo "2472"]
[BlackElo "2866"]
[TimeControl "180+1"]
[EndTime "8:05:35 PST"]
[Termination "gmcorrales won by resignation"]

1. e4 c6 2. Nf3 d5 3. Nc3 g6 4.
d4 Bg7 5. h3 a6 6. Be2 Nf6 7.
e5 Ne4 8. Bd3 Nxc3 9. bxc3 c5 10. O-O Qa5 11. Bd2 c4 12. Be2 e6 13. Nh2 Nd7 14. f4 h5 15. Bf3 Nb6 16. Qe1 Na4 17.
g4 hxg4 18. hxg4 Bd7 19. Rf2 O-O-O 20. Rb1 Rh7 21. Bg2 Bf8 22. Nf3 Be7 23. Re2 Rdh8 24. Re3 Bh4 25. Qc1 Bg3 26. f5 gxf5 27. gxf5 Bf4 28. Re1 Bxd2 29. Qxd2 Qxc3 30. Qxc3 Nxc3 31. Rb2 Rg8 32. Kf1 Rhg7 33. Bh1 exf5 34. Kf2 f4 35. Rf1 Bh3 36. Rg1 Ne4+ 0-1

[Event "Early-Titled-Tuesday-Blitz-February-06-2024"]
[Site "Chess.com"]
[Date "2024.02.06"]
[Round "1"]
[White "Arifarsky"]
[Black "Philosopherrr"]
[Result "1-0"]
[WhiteElo "2703"]
[BlackElo "2384"]
[TimeControl "180+1"]
[EndTime "8:05:35 PST"]
[Termination "Arifarsky won on time"]

1. Nf3 Nf6 2. c4 g6 3. g3 Bg7 4. Bg2 O-O 5. O-O d5 6. cxd5 Nxd5 7. d4 Nc6 8. e4 Nb6 9. d5 Na5 10. Nc3 c6 11. dxc6 Nxc6 12. Qe2 e6 13. Be3 Qe7 14. Rac1 e5 15. Nd5 Nxd5 16. exd5 Nb4 17.
Bc5 1-0

[Event "Early-Titled-Tuesday-Blitz-February-06-2024"]
[Site "Chess.com"]
[Date "2024.02.06"]
[Round "1"]
[White "SereneSalmon"]
[Black "Arteler"]
[Result "1-0"]
[WhiteElo "2288"]
[BlackElo "2594"]
[TimeControl "180+1"]
[EndTime "8:05:36 PST"]
[Termination "SereneSalmon won on time"]

1. d4 Nf6 2. c4 g6 3. Nc3 Bg7 4. e4 d6 5. Nf3 O-O 6. Be2 Re8 7. O-O e5 8. d5 Nbd7 9. Be3 h6 10. Nd2 b6 11. b4 a5 12. a3 axb4 13. axb4 Bb7 14. Qc2 Qe7 15. Nb5 Nf8 16. c5 bxc5 17. bxc5 Rxa1 18.
Rxa1 Ra8 19. Rxa8 Bxa8 20. Qa4 Bb7 21. Qa7 Bc8 22. cxd6 Qd7 23. Qxc7 Qxc7 24. dxc7 g5 25. Na7 Bb7 26. c8=Q Bxc8 27. Nxc8 N8d7 28. f3 Nh5 29. Nc4 Nf4 30. Bf1 Ng6 31. N8b6 Nf4 32. Nxd7 1-0

[Event "Early-Titled-Tuesday-Blitz-February-06-2024"]
[Site "Chess.com"]
[Date "2024.02.06"]
[Round "1"]
[White "marsofsilva"]
[Black "Pingah9"]
[Result "0-1"]
[WhiteElo "1950"]
[BlackElo "2537"]
[TimeControl "180+1"]
[EndTime "8:05:37 PST"]
[Termination "Pingah9 won by resignation"]

1. d4 g6 2. c4 Bg7 3. Nc3 c5 4. Nf3 cxd4 5. Nxd4 Nc6 6. e3 Nf6 7. Be2 O-O 8. O-O d6 9. Bf3 Ne5 10. Be2 Bd7 11. b3 Rc8 12. Bb2 Qa5 13. h3 a6 14. Rc1 Rfe8 15. Re1 h5 16. Bf1 Nc6 17. a3 h4 18. b4 Qg5 19. Nf3 Qh6 20. Nd5 Nxd5 21.
Bxg7 Qxg7 22. cxd5 Ne5 23. Nxh4 g5 24. Nf3 Rxc1 25. Qxc1 Nxf3+ 26. gxf3 Rc8 27. Qd2 Qc3 28. Qxc3 Rxc3 29. a4 Bxa4 30. Rd1 Bxd1 0-1

[Event "Early-Titled-Tuesday-Blitz-February-06-2024"]
[Site "Chess.com"]
[Date "2024.02.06"]
[Round "1"]
[White "Rikikits"]
[Black "EddieUrquhart"]
[Result "1-0"]
[WhiteElo "2831"]
[BlackElo "2457"]
[TimeControl "180+1"]
[EndTime "8:05:38 PST"]
[Termination "Rikikits won by resignation"]

1. d4 Nf6 2. Bg5 Ne4 3. h4 d5 4. Nd2 Nxd2 5. Qxd2 h6 6. Bf4 Bf5 7. f3 e6 8. g4 Bh7 9. e3 Bd6 10. O-O-O Nd7 11. Bd3 Bxd3 12. Qxd3 Nb6 13. Ne2 Qd7 14.
Kb1 O-O-O 15. Nc3 Bxf4 16. exf4 Nc4 17. b3 Nd6 18. h5 Kb8 19. Rhe1 Rc8 20. Na4 Qc6 21.
Re5 Nb5 22. Kb2 Rcd8 23. Rde1 Rhf8 24. Nc5 b6 25. Na6+ Kb7 26. Nb4 Qd7 27. a4 Nd6 28. Qa6+ Ka8 29. f5 c5 30. dxc5 bxc5 31. fxe6 fxe6 32. Rxe6 cxb4 33. Re7 1-0

[Event "Early-Titled-Tuesday-Blitz-February-06-2024"]
[Site "Chess.com"]
[Date "2024.02.06"]
[Round "1"]
[White "ilqar_74"]
[Black "Orphanator2009"]
[Result "1-0"]
[WhiteElo "2810"]
[BlackElo "2451"]
[TimeControl "180+1"]
[EndTime "8:05:38 PST"]
[Termination "ilqar_74 won by resignation"]

1. e4 c5 2. Nf3 d6 3. d4 cxd4 4. Nxd4 Nf6 5. Nc3 Nc6 6. Be2 g6 7. Be3 Bg7 8. Qd2 Ng4 9. Bxg4 Bxg4 10. f3 Bd7 11. Ke2 Qa5 12. Nxc6 Bxc6 13. Bd4 O-O 14. Bxg7 Kxg7 15. Qd4+ Kg8 16. Kf2 Qc5 17. Qxc5 dxc5 18. Rad1 Rad8 19. Rhe1 e6 20. b3 Rfe8 21. Nb1 Kf8 22. Ke3 Ke7 23. c3 b6 24. Nd2 Rd7 25.
Nc4 f6 26. Rxd7+ Bxd7 27. Rd1 Rd8 28. e5 fxe5 29. Nxe5 Be8 30. Rxd8 Kxd8 31. Ke4 Ke7 32. f4 Kf6 33. h4 h5 34. g4 hxg4 35. Nxg4+ Ke7 36.
Ke5 Bc6 37. b4 cxb4 38. cxb4 a5 39. a3 axb4 40. axb4 Bf3 41. Ne3 Be2 42. Nc2 Bc4 43. Nd4 Ba2 44. Nf3 Bd5 45. Nd2 Ba2 46. Ne4 Bc4 47. Nc3 Bb3 48. Nb5 Bc2 49. Nd4 Bf5 50.
Nxf5+ exf5 51. b5 1-0

[Event "Early-Titled-Tuesday-Blitz-February-06-2024"]
[Site "Chess.com"]
[Date "2024.02.06"]
[Round "1"]
[White "Zurability"]
[Black "Licancabur"]
[Result "1-0"]
[WhiteElo "2760"]
[BlackElo "2422"]
[TimeControl "180+1"]
[EndTime "8:05:38 PST"]
[Termination "Zurability won on time"]

1. Nf3 d5 2. g3 Nf6 3. Bg2 c6 4.
O-O Bg4 5. d3 Nbd7 6. Nbd2 e5 7.
e4 Bd6 8. h3 Bh5 9. exd5 cxd5 10. c4 O-O 11. cxd5 Nxd5 12. Qb3 N5b6 13. Ne4 Be7 14. a4 Rb8 15. a5 Nc8 16. d4 Bxf3 17. Bxf3 exd4 18. Bf4 Ra8 19. Qxb7 g5 20. Bc7 Qe8 21. Qxa8 1-0

[Event "Early-Titled-Tuesday-Blitz-February-06-2024"]
[Site "Chess.com"]
[Date "2024.02.06"]
[Round "1"]
[White "Eloist"]
[Black "GMRAVEN_ON_YOUTUBE"]
[Result "0-1"]
[WhiteElo "2432"]
[BlackElo "2782"]
[TimeControl "180+1"]
[EndTime "8:05:39 PST"]
[Termination "GMRAVEN_ON_YOUTUBE won by resignation"]

1. e4 c5 2. Nf3 e6 3. d4 cxd4 4. Nxd4 Nc6 5. Nc3 Qc7 6. Be3 a6 7. Nxc6 bxc6 8. Bd3 d5 9. O-O Nf6 10. Qe2 Rb8 11. Bd4 Rb4 12. Bxf6 gxf6 13. exd5 Rxb2 14.
dxe6 fxe6 15. Rae1 Bb4 16. Nd1 Rxa2 17. c3 Rxe2 0-1

[Event "Early-Titled-Tuesday-Blitz-February-06-2024"]
[Site "Chess.com"]
[Date "2024.02.06"]
[Round "1"]
[White "PedroGil25"]
[Black "Adar_07"]
[Result "0-1"]
[WhiteElo "2393"]
[BlackElo "2713"]
[TimeControl "180+1"]
[EndTime "8:05:39 PST"]
[Termination "Adar_07 won by resignation"]

1. c4 Nf6 2. Nf3 e6 3. g3 d5 4. Bg2 Be7 5. O-O O-O 6. b3 c5 7. Bb2 Nc6 8. e3 b6 9. Qe2 Bb7 10. Nc3 dxc4 11. bxc4 Rc8 12. Rfd1 Qc7 13. Rac1 Rfd8 14.
d3 Nd7 15. d4 cxd4 16. exd4 Bf6 17. d5 Na5 18. dxe6 Nc5 19. Nb5 Qe7 20. exf7+ Qxf7 21.
Nd6 Rxd6 22. Rxd6 Bxb2 23. Ng5 Qc7 24. Qc2 Qxd6 25. Qxh7+ Kf8 26. Qh8+ Ke7 27. Qxg7+ Bxg7 0-1

[Event "Early-Titled-Tuesday-Blitz-February-06-2024"]
[Site "Chess.com"]
[Date "2024.02.06"]
[Round "1"]
[White "xakevicius91"]
[Black "aranibos"]
[Result "1-0"]
[WhiteElo "2605"]
[BlackElo "2260"]
[TimeControl "180+1"]
[EndTime "8:05:39 PST"]
[Termination "xakevicius91 won by resignation"]

1. e4 c6 2. d4 d5 3. e5 c5 4.
Nf3 Bg4 5. dxc5 Bxf3 6. Qxf3 e6 7. Be3 Qc7 8. Bb5+ Nc6 9. O-O Ne7 10. c4 Qxe5 11. Nc3 d4 12. Bf4 Qxc5 13. Ne4 Qb6 14. Nd6+ Kd7 15. Nxf7 Rg8 16. Rad1 a6 17. Ba4 Qa5 18.
Rxd4+ Kc8 19. Nd6+ Kb8 20. Nxb7+ Kxb7 21. Rd7+ Kc8 22.
Bxc6 1-0

[Event "Early-Titled-Tuesday-Blitz-February-06-2024"]
[Site "Chess.com"]
[Date "2024.02.06"]
[Round "1"]
[White "The_Straightforward_Rook"]
[Black "ulises2013"]
[Result "0-1"]
[WhiteElo "2403"]
[BlackElo "2730"]
[TimeControl "180+1"]
[EndTime "8:05:40 PST"]
[Termination "ulises2013 won by resignation"]

1. e4 g6 2. d4 Bg7 3. Nf3 c5 4. c3 cxd4 5. cxd4 d5 6. e5 Nc6 7. h3 a6 8. Bd3 Nh6 9. Nc3 Nf5 10. O-O Nfxd4 11. Nxd4 Nxd4 12. Bb1 Nc6 13. Nxd5 Be6 14. Nf4 Bc4 15. Qxd8+ Rxd8 16. Re1 Bxe5 17. Be4 Bf6 18. Bxc6+ bxc6 19. Be3 O-O 20. Rac1 Bd5 21. Nxd5 cxd5 22. b3 d4 23. Bd2 Rd5 24. Rc6 Ra8 25.
Rec1 Kg7 26. Rb6 a5 27. a4 d3 28. Rb7 h5 29. Rb5 Rxb5 30. axb5 Rb8 31. Rc5 Bd4 32. Rd5 e5 33. Bxa5 Kf6 34. Kf1 Ke6 35. Rd8 Rxb5 0-1

[Event "Early-Titled-Tuesday-Blitz-February-06-2024"]
[Site "Chess.com"]
[Date "2024.02.06"]
[Round "1"]
[White "AniJak"]
[Black "Aradhya2000"]
[Result "0-1"]
[WhiteElo "2377"]
[BlackElo "2692"]
[TimeControl "180+1"]
[EndTime "8:05:40 PST"]
[Termination "Aradhya2000 won by resignation"]

1. e4 e5 2. Nf3 Nc6 3. Bc4 Nf6 4. d3 Bc5 5. O-O d6 6. h3 h6 7. c3 Bb6 8. d4 Qe7 9. Re1 g5 10. dxe5 Nxe5 11. Nxe5 dxe5 12. Be3 Bxe3 13. Rxe3 g4 14. h4 Be6 15. Bxe6 Qxe6 16. Qb3 Qxb3 17. axb3 O-O-O 18. Re1 Rd3 19. Rxa7 Kb8 20. Ra1 g3 21. fxg3 Rg8 22.
Na3 Rdxg3 23. Re2 Nh5 24. Nc4 Nf4 25. Rf2 Nh3+ 26. Kf1 Nxf2 27. Kxf2 Rxg2+ 0-1

[Event "Early-Titled-Tuesday-Blitz-February-06-2024"]
[Site "Chess.com"]
[Date "2024.02.06"]
[Round "1"]
[White "CaspiIsrael"]
[Black "kekic76"]
[Result "1-0"]
[WhiteElo "2687"]
[BlackElo "2372"]
[TimeControl "180+1"]
[EndTime "8:05:40 PST"]
[Termination "CaspiIsrael won on time"]

1. e4 c6 2. d4 d5 3. f3 e6 4. Nc3 Nf6 5. e5 Nfd7 6. f4 c5 7. Nf3 Nc6 8. Be3 cxd4 9. Nxd4 Nxd4 10. Bxd4 Bc5 11. Bxc5 Nxc5 12. Qd4 b6 13. O-O-O Bb7 14. Bb5+ Nd7 15. Ne4 O-O 16. Nd6 Nc5 17. b4 a6 18.
Be2 Qc7 19. bxc5 bxc5 20. Qa4 Bc6 21. Qa3 c4 22. Qc5 Rab8 23. Kd2 Rfd8 24. Rb1 Qd7 25.
c3 Bb5 26. Bf3 f6 27. Rb2 fxe5 28. fxe5 Rf8 29. Rhb1 1-0

[Event "Early-Titled-Tuesday-Blitz-February-06-2024"]
[Site "Chess.com"]
[Date "2024.02.06"]
[Round "1"]
[White "miraitrunks"]
[Black "zverr1"]
[Result "0-1"]
[WhiteElo "2126"]
[BlackElo "2561"]
[TimeControl "180+1"]
[EndTime "8:05:40 PST"]
[Termination "zverr1 won by resignation"]

1. e4 c5 2. Nc3 Nc6 3. Nge2 g6 4.
g3 Bg7 5. Bg2 e6 6. O-O Nge7 7. d3 O-O 8. f4 d6 9. Be3 Rb8 10. a4 a6 11. Qd2 b5 12. axb5 axb5 13.
f5 exf5 14. exf5 Bxf5 15. Bh6 Nd4 16. Bxg7 Nxe2+ 17. Qxe2 Kxg7 18. Ra7 Re8 19. Qf2 Qb6 20. Raa1 c4 21. d4 h5 22. Rae1 Nc6 23. Ne2 Re7 24. c3 Rbe8 25. Nf4 Rxe1 26. Rxe1 Rxe1+ 27. Qf1 Rxf1+ 0-1

[Event "Early-Titled-Tuesday-Blitz-February-06-2024"]
[Site "Chess.com"]
[Date "2024.02.06"]
[Round "1"]
[White "Markov_Mikhail"]
[Black "FrenchMonster2002"]
[Result "1-0"]
[WhiteElo "2730"]
[BlackElo "2399"]
[TimeControl "180+1"]
[EndTime "8:05:41 PST"]
[Termination "Markov_Mikhail won on time"]

1. c4 Nf6 2. Nf3 g6 3. g3 Bg7 4. Bg2 O-O 5. O-O d6 6. Nc3 Nc6 7. d4 e5 8. dxe5 Nxe5 9. Nxe5 dxe5 10. Qxd8 Rxd8 11. Bg5 Rd4 12. Nd5 Nxd5 13. cxd5 Bg4 14. Rac1 Bxe2 15. Rfe1 Bd3 16. Rxc7 e4 17. Rd7 Ra4 18.
Rxb7 h6 19. Be7 Bf8 20. d6 Rxa2 21. Bxe4 Bxe4 22. Rxe4 Ra1+ 23. Kg2 Rd1 24. Bxf8 Rxf8 25.
d7 Kg7 26. Rxa7 Rd8 27. b4 R1xd7 28. Rxd7 Rxd7 29. Re1 Kf6 30. Rb1 Rb7 31. b5 Rb6 32. Kf3 Ke5 33. Ke3 Kd5 34. Kf4 Rf6+ 35. Kg4 Rb6 36. h4 Kc5 37. Kf4 Kd5 38. f3 Rc6 39.
bxc6 1-0

[Event "Early-Titled-Tuesday-Blitz-February-06-2024"]
[Site "Chess.com"]
[Date "2024.02.06"]
[Round "1"]
[White "Jakuboss22005"]
[Black "klimkoj"]
[Result "0-1"]
[WhiteElo "2499"]
[BlackElo "2930"]
[TimeControl "180+1"]
[EndTime "8:05:42 PST"]
[Termination "klimkoj won by resignation"]

1. d4 Nf6 2. Nc3 d5 3. Bf4 e6 4. Nb5 Bb4+ 5. c3 Ba5 6. a4 a6 7. Na3 Bb6 8. Nf3 O-O 9. e3 c5 10. Bd3 Nc6 11. Ne5 h6 12. Qf3 Nxe5 13. Bxe5 Nd7 14.
Bd6 Re8 15. O-O Bc7 16. Bxc7 Qxc7 17. b4 cxb4 18. cxb4 Qd6 19. Rab1 e5 20. dxe5 Nxe5 21. Qd1 Bg4 22. Qb3 Rac8 23. Nc2 Nc4 24. Bxc4 dxc4 25. Qc3 Qd3 26. Qb2 c3 27. Qc1 Bf5 28. Na3 c2 29. Ra1 Red8 30. f3 Qe2 31. Rf2 Rd1+ 0-1

[Event "Early-Titled-Tuesday-Blitz-February-06-2024"]
[Site "Chess.com"]
[Date "2024.02.06"]
[Round "1"]
[White "CADMartin"]
[Black "youngKID"]
[Result "0-1"]
[WhiteElo "2434"]
[BlackElo "2787"]
[TimeControl "180+1"]
[EndTime "8:05:43 PST"]
[Termination "youngKID won by resignation"]

1. e4 c5 2. Nf3 e6 3. d4 cxd4 4. Nxd4 a6 5. c4 Nf6 6. Nc3 Qc7 7.
a3 b6 8. Be2 Bb7 9. f3 d6 10.
Be3 Nbd7 11. Rc1 Be7 12. O-O O-O 13. Qd2 Kh8 14. Rfd1 Rg8 15. Kh1 h6 16. Bd3 g5 17.
f4 Ng4 18. Bg1 gxf4 19. Qxf4 Nde5 20. h3 Bg5 21. Qf1 Ne3 22. Qe2 Nxd1 23. Rxd1 Rg6 24.
Rf1 Rag8 25. Nf3 Bf6 26. g4 Nxd3 27. Qxd3 h5 28. gxh5 Rg3 29. Qd2 Rxh3+ 30. Bh2 Rxh5 31.
Qf4 Rg6 32. Rg1 Kg7 33. Rxg6+ fxg6 34. Qg4 Qxc4 35. Kg2 Bxc3 36. bxc3 Qxe4 37. Bxd6 Qxg4+ 0-1

[Event "Early-Titled-Tuesday-Blitz-February-06-2024"]
[Site "Chess.com"]
[Date "2024.02.06"]
[Round "1"]
[White "Chernyavsky_A"]
[Black "Agibileg"]
[Result "0-1"]
[WhiteElo "2404"]
[BlackElo "2733"]
[TimeControl "180+1"]
[EndTime "8:05:43 PST"]
[Termination "Agibileg won by resignation"]

1. d4 Nf6 2. c4 e6 3. Nf3 c5 4.
g3 cxd4 5. Nxd4 d5 6. Bg2 e5 7. Nf3 d4 8. O-O Nc6 9. e3 Be7 10. exd4 exd4 11. b3 O-O 12. Bb2 Bc5 13.
a3 a5 14. Ne1 Bg4 15. Bf3 Bxf3 16. Qxf3 Ne5 17. Qf5 Re8 18. Nd2 Qb6 19. Qc2 Qe6 20.
Nd3 Qf5 21. Ne1 Qh3 22. Ne4 Nfg4 23. f4 d3+ 24. Nxc5 dxc2 0-1